 Dungeon Crawl Stone Soup version 0.24.0-123-gd5b16e6ec5 (webtiles) character file.

Game seed: 9988100348310381158, levelgen mode: deterministic

176 Notrik the Skirmisher (level 5, 0/51 HPs)
             Began as a Hill Orc Fighter on Feb 7, 2020.
             Slain by a gnoll
             ... wielding a +0 flail of protection
              (5 damage)
             ... on level 2 of the Dungeon.
             The game lasted 00:03:54 (1280 turns).

Notrik the Skirmisher (Hill Orc Fighter)            Turns: 1280, Time: 00:03:55

Health: 0/51       AC:  6    Str: 20    XL:     5   Next: 56%
Magic:  5/5        EV:  7    Int:  8    God:
Gold:   49         SH:  9    Dex: 10    Spells: 4/4 levels left

rFire    . . .     SeeInvis .   a - +0 war axe
rCold    . . .     Gourm    .   c - +0 shield
rNeg     . . .     Faith    .   b - +0 scale mail
rPois    .         Spirit   .   (no helmet)
rElec    .         Reflect  .   (no cloak)
rCorr    .         Harm     .   (no gloves)
MR       .....                  (no boots)
Stlth    ..........             (no amulet)
HPRegen  0.17/turn              (no ring)
MPRegen  0.09/turn              (no ring)

@: lethally poisoned (0 -> -2)
A: no striking features
a: no special abilities


You were on level 2 of the Dungeon.
You were not hungry.

You visited 1 branch of the dungeon, and saw 2 of its levels.

You collected 49 gold pieces.

Inventory:

Hand Weapons
 a - a +0 war axe (weapon)
 h - a +2 spear of venom
   (You found it on level 1 of the Dungeon)
Armour
 b - a +0 scale mail (worn)
 c - a +0 shield (worn)
 j - a +1 helmet
   (You found it on level 1 of the Dungeon)
Scrolls
 f - a scroll of blinking {unknown}
 i - 2 scrolls of identify {unknown}
 k - a scroll of remove curse {unknown}
 l - a scroll of magic mapping {unknown}
 m - 2 scrolls of enchant weapon {unknown}
 n - a scroll of amnesia {unknown}
 q - a scroll of enchant armour {unknown}
Potions
 d - a potion of might
 g - a potion of curing {@q1}
 o - a potion of ambrosia {unknown}
Comestibles
 e - 5 rations {!d}


   Skills:
 * Level 6.3 Fighting
 - Level 2.6 Axes
 - Level 3.2 Armour
 + Level 4.6 Shields


You had 4 spell levels left.
You didn't know any spells.
Your spell library was empty.

Dungeon Overview and Level Annotations

Branches:
Dungeon (2/15)

Altars:


Message History

It was a potion of curing.
You feel better. You block the adder's attack.
You are too injured to fight recklessly!
You are too injured to fight recklessly!
You are too injured to fight recklessly!
You are too injured to fight recklessly!
You closely miss the bat. You hit the adder.
The bat hits you but does no damage. The adder barely misses you. x2
You block the bat's attack. You block the adder's attack. The adder bites you.
* * * LOW HITPOINT WARNING * * *
You are poisoned.
The adder poisons you!
You hit the adder. You miss the bat.
You feel sick. You block the bat's attack. The bat hits you but does no damage.
The bat barely misses you. The adder bites you.
* * * LOW HITPOINT WARNING * * *
You are more poisoned.
The adder poisons you! The adder bites you but does no damage.
You closely miss the adder. You closely miss the bat.
You feel sick.
The bat hits you but does no damage. x2; You block the adder's attack.
You miss the adder. You closely miss the bat.
You feel sick. You block the bat's attack. The bat hits you but does no damage.
You block the adder's attack. The adder bites you.
* * * LOW HITPOINT WARNING * * *
The bat barely misses you. The adder bites you but does no damage.
You closely miss the adder. You closely miss the bat.
The bat barely misses you. The adder bites you but does no damage.
The bat hits you but does no damage.
You slash the adder!
You kill the adder!
You barely miss the bat.
You feel sick. The bat completely misses you.
Your shield and scale mail prevent you from hitting the gnoll.
You hit the gnoll.
You feel sick. The bat hits you.
* * * LOW HITPOINT WARNING * * *
The bat hits you.
* * * LOW HITPOINT WARNING * * *
You block the gnoll's attack. The gnoll barely misses you.
The bat hits you but does no damage.
You slash the gnoll!
You kill the gnoll!
You closely miss the gnoll. You hit the bat. You block the bat's attack. x2
The bat barely misses you.
The gnoll hits you with a +0 flail of protection!
* * * LOW HITPOINT WARNING * * *
The bat hits you but does no damage. The rat bites you but does no damage.
The gnoll hits you but does no damage.
You barely miss the rat. You hit the bat.
You kill the bat!
You slash the gnoll!
You feel sick. You block the rat's attack.
The gnoll hits you with a +0 flail of protection.
You die...

######### #..<....# #.......#
##### #.......##### ....#
###........[... ....#
#...rw......... ....#
###.#.......?...[ ....#
##w..#.....<......
....############@r###............
.[.....#..[.....g## ######.......
.(..##...........# .......
....####........### .......
....## #........... .......
.....#####.#....### .......
.##...####........# .......
.....รท.....#.#.##..
#........###...##..


You could see a worm, a gnoll and a rat.

Vanquished Creatures
  A water moccasin zombie (D:2)
  5 adders (D:2)
  3 gnolls
  A dart slug (D:2)
  A leopard gecko (D:1)
  6 bats
  3 giant cockroaches
  3 goblins
  4 hobgoblins (D:2)
  2 jackals (D:1)
  A ball python (D:2)
  2 frilled lizards (D:2)
  8 kobolds
  4 rats
44 creatures vanquished.

Notes
Turn   | Place    | Note
-------+----------+-------------------------------------------
     0 | D:1      | Notrik the Hill Orc Fighter began the quest for the Orb.
     0 | D:1      | Reached XP level 1. HP: 19/19 MP: 1/1
   146 | D:1      | Reached skill level 4 in Fighting
   245 | D:1      | Reached XP level 2. HP: 27/27 MP: 2/2
   375 | D:1      | Reached XP level 3. HP: 33/34 MP: 3/3
   957 | D:2      | Reached skill level 5 in Fighting
   973 | D:2      | Reached XP level 4. HP: 33/42 MP: 4/4
  1133 | D:2      | Reached skill level 6 in Fighting
  1133 | D:2      | Reached XP level 5. HP: 50/50 MP: 5/5
  1280 | D:2      | Slain by a gnoll

Levels and vault maps discovered:
D:1:      dpeg_arrival_round_a, layout_basic
D:2:      layout_rooms

Skill      XL: |  1  2  3  4 |
---------------+-------------+-----
Fighting       | 4 5 6 |  6.3
Shields        | 4 |  4.6
Axes           | |  2.6
Armour         | |  3.2

Action                   |  1- 3 |  4- 6 || total
-------------------------+-------+-------++-------
Melee: War axe           |   104 |    70 ||   174
  Use: Potion            |       |     1 ||     1
  Eat: Chunk             |       |     2 ||     2
Armor: Scale mail        |    61 |    56 ||   117
Dodge: Dodged            |    30 |    33 ||    63
Block: Shield            |    64 |    57 ||   121
